← All builds
Suicide front / Legion / Quick factory / OBSERVED BUILD

Standard suicide front

Legion Suicide front build order · Supreme Isthmus

Quick Bot Lab into Vehicle Plant to project force at middle early with Ballista, Satyr, Decurion and Lance, transitioning into Barrage artillery and an Advanced Metal Extractor as the game develops.

#rush #raid · 55 distinct matches · 26 players · 78% of Legion Suicide front games · team won 59% of 58 · Recently observed

HOW TO PLAY IT

Key timing: Legion Vehicle Plant by 1:01

  1. Take first mex while the bot lab goes down immediately.
  2. Finish the bot lab fast to start producing early bots.
  3. Queue the vehicle plant right after for Ballista and Satyr.
  4. Push Ballista and Barrage to contest middle early.
  5. Transition into an advanced mex once T2 constructor is up.

Phase by phase

TYPICAL OF ITS 55 GAMES
  1. 1
  2. 2
  3. 3
PLAY THE OPENING

Follow the example game's first 6:00 step by step: what to build now, what comes next, and where it goes. At 1× it keeps pace with your own game.

  1. 1

    Up to the Legion Bot Lab

    Economy
    • Metal Extractor2Mex
    Order
    1. Legion Bot LabLegion Bot Lab after 2 mexdone ~0:34, middle half 0:27–0:44

    By 0:18 in all: 2 mex

    The example game in this phase · 2 steps
    1. Mex
    2. Legion Bot LabLegion Bot Labdone 0:27 · typical 0:34
  2. 2

    Legion Bot Lab to 5:00

    Economy
    • Metal Extractor4Mex
    • Wind Turbine6Wind
    Army
    • Pharos4 Pharos
    Other
    • Radar Tower1 Radar Tower

    Some games also: Legion Construction Bot (47%) · Zagreus (47%) · con turret (43%) · Legion Construction Vehicle (40%) · Barrage (40%)

    By 5:00 in all: 5 mex · 7 wind · 1 con turret

    The example game in this phase · 35 steps
    1. Legion Construction BotLegion Construction Bot
    2. Wind ×3
    3. ZagreusZagreus
    4. PharosPharos
    5. Mex
    6. ZagreusZagreus
    7. KarkinosKarkinos
    8. Mex
    9. PharosPharos
    10. Legion Construction BotLegion Construction Bot
    11. Radar TowerRadar Tower
    12. BallistaBallista
    13. Mex
    14. BallistaBallista
    15. PharosPharos
    16. Mex
    17. PharosPharos
    18. BallistaBallista
    19. PharosPharos
    20. BallistaBallista ×2
    21. Mex
    22. Legion Construction BotLegion Construction Bot
    23. BallistaBallista ×4
    24. Wind
    25. BallistaBallista
    26. Wind
    27. BallistaBallista
    28. Wind
    29. BallistaBallista
    30. Wind
    31. BallistaBallista
    32. Wind
    33. BallistaBallista
    34. Wind
    35. BallistaBallista
  3. 3

    5:00 to 10:00

    Economy
    • Metal Extractor1Mex
    • Wind Turbine11Wind
    Builders
    • Construction Turret1 Con turret

    Some games also: Radar Tower (48%) · Pharos (43%) · energy storage (41%) · Lance (34%) · Zagreus (34%)

    By 10:00 in all: 6 mex · 19 wind · 1 energy storage · 3 con turret

    The example game in this phase · 74 steps
    1. Wind
    2. Legion Construction BotLegion Construction Bot
    3. Wind
    4. BallistaBallista
    5. Wind
    6. BallistaBallista ×2
    7. Wind
    8. PharosPharos
    9. Radar TowerRadar Tower
    10. Wind
    11. BallistaBallista
    12. BrambleBramble
    13. Wind
    14. BrambleBramble
    15. BallistaBallista
    16. Wind
    17. BrambleBramble
    18. Mex
    19. Bot LabBot Labdone 9:27
    20. Mex
    21. Construction BotCon bot ×2
    22. Mex
    23. Construction BotCon bot
    24. Con turret
    25. Wind ×4
    26. Con turret
    27. Wind ×11
    28. Con turret ×2
    29. Energy storage
    30. Wind ×7
    31. Construction BotCon bot
    32. Wind ×6
    33. Construction BotCon bot
    34. Wind
    35. Converter
    36. Wind ×2
    37. Converter
    38. Wind ×2
    39. Construction BotCon bot
    40. Converter
    41. Wind ×3
    42. Advanced Metal ExtractorT2 mexdone 13:27
    43. Construction BotCon bot
    44. Converter
    45. Wind ×2
    46. Converter
    47. Wind ×3
    48. Converter
    49. Wind ×3
    50. Converter
    51. Wind ×2
    52. Converter
    53. Advanced Metal ExtractorT2 mex
    54. Wind ×3
    55. Converter
    56. Wind ×4
    57. Bot LabEat Bot Labreclaimed for its metal
    58. Wind ×4
    59. Converter
    60. Wind ×8
    61. Converter
    62. Wind ×3
    63. Advanced Metal ExtractorT2 mex
    64. Wind ×6
    65. Converter
    66. Wind ×3
    67. Converter
    68. Wind
    69. Converter
    70. Wind ×3
    71. Converter
    72. Wind ×5
    73. Con turret ×2
    74. Wind ×2

Counts are medians over the build's games: half of them build more, half fewer. The example game is derkarl's (34 OS, 13/09/2026); pick another.

Team trades

IN AT LEAST 30% OF ITS GAMES

You hand over

Nothing regular.

You get

  • Tidal Generator4 Tidal from Pondfirst at 0:11 · in 52% of games
  • Advanced Construction Bot1 T2 con bot from Geo or Techfirst at 7:31 · in 48% of games

How it plays out

Typical game of this build, running totals by minute

Metal produced

010k20k
0:005:0010:0015:00

metal

Enemy metal destroyed

05k10k
0:005:0010:0015:00

metal

Own metal lost

05k10k
0:005:0010:0015:00

metal

58 games.

Show as table
ByMetal produced: This buildEnemy metal destroyed: This buildOwn metal lost: This build
1:0029100
2:0087900
3:00181617250
4:002790448305
5:0038781092670
6:00489218251130
7:00589328741953
8:00727243202701
9:00847447363265
10:00972553614448
11:001112356284806
12:001315858645595
13:001386663557159
14:001569070087595
15:001756675898181
WHAT THE NUMBERS SAY

This aggressive opening wins more often than the role's other lines, with enemy metal destroyed well above own losses by 15:00.

  • + Enemy metal destroyed (9422) nearly doubles own metal lost (8541) by 15:00.
  • + Team wins 58% of games, strongest result among these roles.
  • − Own metal lost climbs fast early, 770 by 5:00 from committing hard.
THE EXAMPLE YOU ARE READING

derkarl

34.5 OS · 13/09/2026

Open source match ↗

7 received units · includes a constructor
92 metal received · 17808 energy received

Allied construction assistance is unknown. Timings are observations, not a promise of solo reproducibility.

Typical milestones

Legion Bot Lab0:34Middle 50%: 0:27–0:44 · n=34
Legion Vehicle Plant0:40Middle 50%: 0:30–1:01 · n=36

Played most by

XuunnY11games of this build_X_6games of this build[crd]sisa4games of this buildChancho4games of this buildxabre3games of this build